 Dungeon Crawl Stone Soup version 0.24.0-28-g17ded55e90 (webtiles) character file.

Game seed: 12133685817717431115, levelgen mode: deterministic

207 Flugslaktarn the Chopper (level 5, -3/49 HPs)
             Began as a Deep Dwarf Fighter on Nov 12, 2019.
             Slain by an iron imp (6 damage)
             ... summoned by Eustachio
             ... on level 4 of the Dungeon.
             The game lasted 00:00:58 (704 turns).

Flugslaktarn the Chopper (Deep Dwarf Fighter)        Turns: 704, Time: 00:00:58

Health: -3/49      AC:  7    Str: 20      XL:     5   Next: 54%
Magic:  5/5        EV:  6    Int:  9      God:
Gold:   66         SH:  7    Dex: 10 (12) Spells: 4/4 levels left

rFire    . . .     SeeInvis .   a - +0 war axe
rCold    . . .     Gourm    .   c - +0 shield
rNeg     . . .     Faith    .   b - +0 scale mail
rPois    .         Spirit   .   m - +0 helmet
rElec    .         Reflect  .   (no cloak)
rCorr    .         Harm     .   (no gloves)
MR       .....                  (no boots)
Stlth    ..........             (no amulet)
HPRegen  0.00/turn              (no ring)
MPRegen  0.09/turn              (no ring)

@: non-regenerating, very heavily drained
A: damage resistance, heal wounds, sense surroundings 1, no regeneration
a: Heal Wounds


You were on level 4 of the Dungeon.
You were not hungry.

You visited 1 branch of the dungeon, and saw 4 of its levels.

You collected 66 gold pieces.

Inventory:

Hand Weapons
 a - a +0 war axe (weapon)
Armour
 b - a +0 scale mail (worn)
 c - a +0 shield (worn)
 m - a +0 helmet (worn)
   (You found it on level 4 of the Dungeon)
Scrolls
 i - a scroll of blinking {unknown}
 k - a scroll of magic mapping {unknown}
 l - a scroll of teleportation {unknown}
 w - 2 scrolls of remove curse
Potions
 d - a potion of might
 g - a potion of ambrosia {unknown}
 h - a potion of brilliance {unknown}
 j - a potion of haste {unknown}
Comestibles
 e - 2 rations
 f - a chunk of flesh


   Skills:
 + Level 3.4(0.0) Fighting
 * Level 4.3(0.0) Axes
 + Level 4.3(0.0) Armour
 + Level 4.2(0.0) Shields


You had 4 spell levels left.
You didn't know any spells.
Your spell library was empty.

Dungeon Overview and Level Annotations

Branches:
Dungeon (4/15)
 Temple: D:4-7

Altars:

Annotations:
D:4 Edmund, Eustachio


Innate Abilities, Weirdness & Mutations

You are resistant to damage.
You can heal yourself by infusing magical energy.
You passively map a small area around you.
You do not regenerate.


Message History

Edmund hits you but does no damage.
You feel drained.
Eustachio gestures wildly while chanting.
The river rat bites you.
You fail to use your ability.
Edmund says, "People think my brother is the best.
I think he's crazy."
Edmund hits you with a +4 dire flail of draining.
* * * LOW HITPOINT WARNING * * *
You feel drained.
The white imp laughs crazily.
The river rat bites you.
* * * LOW HITPOINT WARNING * * *
Eustachio casts a spell.
Eustachio blinks!
You slash Edmund!
Edmund is severely wounded.
You hit the iron imp but do no damage. You hit the river rat but do no damage.
Edmund hits you with a +4 dire flail of draining!
* * * LOW HITPOINT WARNING * * *
You feel drained. The river rat bites you. The iron imp hits you!
You die...

..## #.# #...............
....##.. ###.......###.....
, ....... ##........#.
*..... ,
,.......##...#......##.....#
.......#..#####.......* .. ,
,.........## ##....##*
.........## ## ...#### ,
......))).####b#......#
..............#@.......
...##........ยง5r@####..,
..*##..........5...... ,.
,#.....@)))......... ,
..........).##....... *
,#.........)).#*...>...
#..........#.....##... *
.........###...## #..
.......# *..... *


You could see Edmund, Eustachio, an iron imp, a river rat, a white imp and a
bat.

Vanquished Creatures
  A hound (D:4)
  An orc wizard (D:4)
  A worker ant (D:4)
  Robin (D:4)
  8 adders
  A worm (D:4)
  4 orcs
  A ball python (D:3)
  2 giant cockroaches
  7 goblins
  6 hobgoblins
  3 bats (D:2)
  2 frilled lizards (D:4)
  2 kobolds
  3 rats
43 creatures vanquished.

Notes
Turn   | Place    | Note
-------+----------+-------------------------------------------
     0 | D:1      | Flugslaktarn the Deep Dwarf Fighter began the quest for the
                  | Orb.
     0 | D:1      | Reached XP level 1. HP: 20/20 MP: 1/1
    94 | D:2      | Reached XP level 2. HP: 16/27 MP: 2/2
   163 | D:2      | Reached XP level 3. HP: 18/33 MP: 3/3
   356 | D:3      | Reached XP level 4. HP: 33/42 MP: 4/4
   531 | D:4      | Reached XP level 5. HP: 48/49 MP: 5/5
   657 | D:4      | Noticed Eustachio
   664 | D:4      | Noticed Robin
   674 | D:4      | Noticed Edmund
   675 | D:4      | Killed Robin
   704 | D:4      | Slain by an iron imp

Levels and vault maps discovered:
D:1:      shiori_arrival_oz, layout_basic
D:2:      layout_loops_ring
D:3:      layout_basic, hangedman_decor_growths
D:4:      layout_layer_cave, nicolae_ossuary_entry_catacombs, serial_shops,
          shop_coins, first_ration, minmay_crossroads, uniq_robin,
          uniq_eustachio, uniq_edmund

Skill      XL: |  1  2  3  4 |
---------------+-------------+-----
Axes           | 3 4 |  4.3
Fighting       | 3 |  3.4
Shields        | 4 |  4.2
Armour         | 4 |  4.3

Action                   |  1- 3 |  4- 6 || total
-------------------------+-------+-------++-------
Melee: War axe           |    92 |    75 ||   167
 Abil: Heal Wounds       |     1 |     4 ||     5
  Use: Scroll            |       |     1 ||     1
Armor: Scale mail        |    44 |   105 ||   149
Dodge: Dodged            |    34 |    76 ||   110
Block: Shield            |    66 |    93 ||   159
